AoeStats
← min.nicha

Black Forest

507683118Analyzed
4v4 RM · 14d ago on Sep 19, 2026· 39m 1s· 8 players
Game mode
Random Map
Map size
Large (8 player)
Population
200
Speed
Normal
Resources
Standard
Victory
Conquest
Starting age
Dark Age
Ending age
Imperial Age
RankedLock teamsTeams togetherTeam positionsShared explorationLock speedFull tech treeHidden civsTurbo modeCheats
Victory
Defeat
🇨🇳 Turks · China
1143
+10
🇨🇳 Turks · China
1124
+11
🇨🇳 Burmese · China
1020
+15
🇨🇳 Franks · China
960
+19
🇳🇴 Britons · Norway
1047
-15
🇨🇳 Bohemians · China
1007
-14
🇨🇳 Franks · China
996
-13
🇩🇪 Turks · Germany
993
-13
Mathias
0:30 Loom
11:20 Feudal Age
15:30 Castle Age
13:39 Double-Bit Axe
15:28 Stone Mining
17:28 Fletching
19:06 Horse Collar
24:04 Padded Archer Armor
26:27 Heavy Plow
27:10 Wheelbarrow
27:40 Bodkin Arrow
28:03 Light Cavalry
28:08 Elite Skirmisher
31:16 Leather Archer Armor
31:36 Ballistics
31:32 Town Watch
32:16 Hand Cart
34:24 Bow Saw
35:51 Gold Mining
39:39 Imperial Age
xeniltildor
5:18 Loom
12:07 Feudal Age
16:09 Castle Age
14:53 Double-Bit Axe
14:56 Horse Collar
24:17 Heavy Plow
24:29 Bow Saw
27:30 Wheelbarrow
26:41 Town Watch
30:18 Imperial Age
28:28 Forging
28:24 Scale Barding Armor
30:24 Iron Casting
29:43 Fletching
29:53 Padded Archer Armor
34:36 Bodkin Arrow
34:57 Leather Archer Armor
Fantasime
12:02 Feudal Age
16:54 Double-Bit Axe
19:21 Castle Age
18:03 Double-Bit Axe
26:35 Bow Saw
32:18 Imperial Age
31:53 Husbandry
33:06 Scale Barding Armor
33:11 Forging
34:05 Wheelbarrow
32:55 Cavalier
34:00 Conscription
34:16 Gold Mining
34:19 Stone Mining
35:25 Hand Cart
36:19 Chain Barding Armor
36:34 Iron Casting
38:27 Plate Barding Armor
38:30 Conscription
min.nicha
12:13 Feudal Age
13:03 Double-Bit Axe
16:16 Castle Age
15:24 Horse Collar
19:42 Wheelbarrow
21:05 Loom
21:44 Fervor
37:33 Imperial Age
钩子王
12:11 Feudal Age
13:36 Double-Bit Axe
16:01 Castle Age
13:55 Gold Mining
14:41 Loom
22:42 Imperial Age
BIGSHARK
0:51 Loom
12:19 Feudal Age
16:06 Castle Age
14:12 Double-Bit Axe
14:26 Horse Collar
23:53 Imperial Age
22:11 Padded Archer Armor
26:54 Heavy Plow
27:18 Leather Archer Armor
36:19 Wheelbarrow
37:26 Fishing Lines
知行
12:06 Feudal Age
16:07 Castle Age
15:27 Horse Collar
17:56 Heavy Plow
19:29 Loom
23:25 Wheelbarrow
31:02 Imperial Age
29:24 Bloodlines
29:14 Husbandry
30:27 Hand Cart
32:29 Scale Barding Armor
32:35 Forging
34:53 Iron Casting
34:39 Chain Barding Armor
35:26 Manipur Cavalry
36:35 Blast Furnace
36:25 Howdah
37:11 Plate Barding Armor
37:01 Ballistics
37:41 Chemistry
36:24 Elite Skirmisher
37:54 Light Cavalry
38:52 Padded Archer Armor
38:43 Fletching
38:41 Hussar
苏坊
7:36 Loom
11:53 Feudal Age
14:40 Double-Bit Axe
17:09 Castle Age
23:47 Bow Saw
26:13 Wheelbarrow
26:43 Gold Mining
27:16 Hand Cart
29:46 Scale Barding Armor
34:27 Imperial Age
32:47 Husbandry
33:37 Chain Barding Armor
33:28 Forging
35:29 Gold Shaft Mining
35:41 Cavalier
38:27 Paladin
Connection lost

Rejoining the realm…

Still unreachable

The connection could not be restored.

Session expired

The server has moved on; the page needs a fresh start.